[Event "Team 45 45 League T42"]
[Site "Internet Chess Club"]
[Date "2009.08.19"]
[Round "4"]
[White "isolani"]
[Black "achessfool"]
[Result "1-0"]
[WhiteElo "1502"]
[BlackElo "1483"]
[Opening "French: Tarrasch, open variation"]
[ECO "C07"]
[Time "20:00:08"]
[TimeControl "2700+45"]

1. e4 e6 2. d4 d5 3. Nd2 c5 4. exd5 Qxd5 5. Bc4 Qxg2 6. Qf3 Qxf3 7. Ngxf3 cxd4
8. Nxd4 Bc5 9. Nb5 Na6 10. Ne4 Be7 11. Bf4 Bd7 12. O-O-O Nf6 13. Nbd6+ Kf8 14.
Nxf6 Bc6 15. Nfe4 Bxd6 16. Bxd6+ Kg8 17. Nf6+ gxf6 18. Rhg1+ Bg2 19. Rxg2#
{Black checkmated} 1-0

[Event "Team 45 45 League T42"]
[Site "Internet Chess Club"]
[Date "2009.08.23"]
[Round "4"]
[White "Pillsbury57"]
[Black "SpeedBlade"]
[Result "1-0"]
[WhiteElo "1568"]
[BlackElo "1383"]
[Opening "QGD: semi-Slav"]
[ECO "D31"]
[Time "12:00:24"]
[TimeControl "2700+45"]

1. d4 d5 2. c4 e6 3. Nc3 c6 4. e3 Nf6 5. Bd3 Nbd7 6. c5 b6 7. b4 a5 8. b5 Bb7 9.
cxb6 c5 10. Nge2 c4 11. Bc2 Qxb6 12. a4 Bd6 13. O-O Qc7 14. g3 O-O 15. Bb2 Nb6
16. f3 Rfd8 17. f4 Ne4 18. Nxe4 dxe4 19. Nc3 Nd5 20. Nxd5 exd5 21. Bc3 f5 22.
Qd2 Rf8 23. Rfb1 Qb6 24. Bd1 Bc7 25. Be2 Qh6 26. Bf1 Bb6 27. Bg2 Bc8 28. Qe2 Be6
29. h3 Rf6 30. g4 fxg4 31. hxg4 Qg6 32. f5 Bxf5 33. gxf5 Rxf5 34. Rf1 Rg5 35.
Rf2 h5 36. Kf1 h4 37. Ke1 h3 38. Bxh3 Rg1+ 39. Rf1 Qg3+ 40. Kd2 Rxf1 41. Be6+
Kh8 42. Qh5# {Black checkmated} 1-0

[Event "Team 45 45 League T42"]
[Site "Internet Chess Club"]
[Date "2009.08.20"]
[Round "4"]
[White "joshtournman"]
[Black "BishopMike"]
[Result "0-1"]
[WhiteElo "1489"]
[BlackElo "1464"]
[Opening "Sicilian: Alapin's variation (2.c3)"]
[ECO "B22"]
[Time "19:00:37"]
[TimeControl "2700+45"]

1. e4 c5 2. c3 Nc6 3. d4 cxd4 4. cxd4 Nf6 5. Nc3 d6 6. Bb5 Bd7 7. Nf3 a6 8. Bxc6
bxc6 9. O-O g6 10. Bf4 Bg7 11. Re1 O-O 12. e5 dxe5 13. Bxe5 Re8 14. Ne4 Bf5 15.
Bxf6 exf6 16. Ng3 Be6 17. a3 f5 18. Ne5 Bd5 19. Rc1 Qb6 20. b4 Rad8 21. Nf3
Rxe1+ 22. Qxe1 Bxf3 23. gxf3 Bxd4 24. Rc2 f4 25. Ne4 Kg7 26. Qc1 Be5 27. Rxc6
Qa7 28. Qc5 Qxc5 29. Nxc5 Rd1+ 30. Kg2 Ra1 31. Rxa6 Ra2 32. Ne4 Bd4 33. Rd6 Be5
34. Rd5 f6 35. Rd7+ Kh6 36. Ra7 f5 37. Nc5 Bd4 38. Kh3 Bxf2 39. Re7 Bg1 40.
Rxh7+ Kxh7 41. Kh4 Rxh2+ 42. Kg5 Be3 43. a4 Kg7 44. Ne6+ Kf7 45. Nd8+ Ke8 46.
Nc6 Rh3 47. Ne5 Rg3+ 48. Kf6 Bd4 49. Ke6 Bxe5 50. Kxe5 Rxf3 51. b5 Rb3 52. Kxf4
Rb4+ 53. Kg5 f4 54. Kg4 g5 55. Kxg5 f3 56. a5 {White resigns} 0-1

[Event "Team 45 45 League T42"]
[Site "Internet Chess Club"]
[Date "2009.08.24"]
[Round "4"]
[White "nosalt"]
[Black "Ptzz"]
[Result "1-0"]
[WhiteElo "2022"]
[BlackElo "2044"]
[Opening "Caro-Kann: Panov-Botvinnik, normal variation"]
[ECO "B13"]
[Time "12:00:21"]
[TimeControl "2700+45"]

1. e4 c6 2. d4 d5 3. exd5 cxd5 4. c4 Nf6 5. Nc3 Nc6 6. Bg5 e6 7. Nf3 Be7 8. Be2
O-O 9. O-O Ne4 10. Bxe7 Nxc3 11. Bxd8 Nxd1 12. Rfxd1 Rxd8 13. c5 Bd7 14. a3 b6
15. b4 bxc5 16. dxc5 Be8 17. Ba6 Rab8 18. b5 Na5 19. c6 Bxc6 20. bxc6 Nxc6 21.
Rac1 Rb6 22. Be2 Na5 23. Rc7 Rb3 24. Rxa7 Rxa3 25. Ra6 Ra2 26. Nd4 Rc8 27. Bf1
g6 28. Nb3 Ra3 29. Nxa5 {Black resigns} 1-0

[Event "Team 45 45 League T42"]
[Site "Internet Chess Club"]
[Date "2009.08.23"]
[Round "4"]
[White "Zumbi"]
[Black "Speedy-Reedy"]
[Result "1-0"]
[WhiteElo "2039"]
[BlackElo "1875"]
[Opening "Pirc: 150 attack"]
[ECO "B07"]
[Time "09:42:33"]
[TimeControl "2700+45"]

1. e4 d6 2. d4 Nf6 3. Nc3 g6 4. Be3 c6 5. Qd2 b5 6. Bd3 Nbd7 7. Nf3 e5 8. dxe5
dxe5 9. h3 Qe7 10. O-O Bg7 11. a4 b4 12. Ne2 a5 13. Ng3 O-O 14. Bh6 Nc5 15. Qg5
Re8 16. Bxg7 Kxg7 17. Nh4 Kh8 18. f4 Ne6 19. Qxe5 Kg8 20. b3 Nd7 21. Nhf5 gxf5
22. Qxf5 Ng7 23. Qg4 Ne5 24. Qe2 Nxd3 25. cxd3 Qh4 26. Rf3 Qf6 27. e5 Qe6 28.
Ne4 Nf5 29. Qf2 Kh8 30. g4 Rg8 31. Kh2 Ne7 32. Nf6 Rg7 33. d4 Nd5 34. f5 Qe7 35.
Nxd5 cxd5 36. f6 Qc7 37. fxg7+ Kxg7 38. Qh4 Be6 39. Qg5+ Kf8 40. Rc1 Qb6 41. Rc5
Qa6 42. Qe3 Rc8 43. Qd3 Qb7 44. Qc2 Qa6 45. Rxc8+ Bxc8 46. Qc5+ Kg8 47. Qb5 Qh6
48. Qe8+ Kg7 49. Qxf7+ {Black resigns} 1-0

[Event "Team 45 45 League T42"]
[Site "Internet Chess Club"]
[Date "2009.08.23"]
[Round "4"]
[White "ivanson"]
[Black "AntonioMendonca"]
[Result "1/2-1/2"]
[WhiteElo "1874"]
[BlackElo "1751"]
[Opening "Sicilian: Alapin's variation (2.c3)"]
[ECO "B22"]
[Time "18:00:08"]
[TimeControl "2700+45"]

1. e4 c5 2. c3 Nf6 3. e5 Nd5 4. d4 cxd4 5. Nf3 Nc6 6. Bc4 Nb6 7. Bb3 e6 8. Bg5
Be7 9. Bxe7 Nxe7 10. cxd4 Nbd5 11. O-O b5 12. Nc3 Qa5 13. Ne4 O-O 14. Nd6 Nb6
15. Qd3 a6 16. Ng5 g6 17. Qh3 h5 18. g4 Qd2 19. Ngxf7 Rxf7 20. Nxf7 Kxf7 21.
Qf3+ Kg8 22. Qf6 Nbd5 23. Bxd5 Nxd5 24. Qxg6+ Kf8 25. gxh5 Nf4 26. Qf6+ Ke8 27.
h6 Nh3+ 28. Kh1 Bb7+ 29. f3 Qf4 30. Qg6+ Qf7 31. Qxf7+ Kxf7 32. Kg2 Ng5 33. Kg3
Rh8 34. Kg4 Nxf3 35. Rxf3+ Bxf3+ 36. Kxf3 Rxh6 37. Rh1 Rh4 38. Ke3 Rh3+ 39. Kf4
Rh4+ 40. Ke3 {Game drawn by mutual agreement} 1/2-1/2

[Event "Team 45 45 League T42"]
[Site "Internet Chess Club"]
[Date "2009.08.23"]
[Round "4"]
[White "pishd"]
[Black "Budzo"]
[Result "1/2-1/2"]
[WhiteElo "1697"]
[BlackElo "1828"]
[Opening "Queen's pawn, Mason variation"]
[ECO "D00"]
[Time "11:08:09"]
[TimeControl "2700+45"]

1. d4 d5 2. Bf4 Nf6 3. e3 e6 4. Bd3 c5 5. c3 Nc6 6. Nf3 Bd6 7. Bxd6 Qxd6 8. O-O
O-O 9. Nbd2 e5 10. dxe5 Nxe5 11. Nxe5 Qxe5 12. Nf3 Qe7 13. h3 Bd7 14. Re1 Bc6
15. Nd2 Rad8 16. Qc2 Ne4 17. Rad1 Rfe8 18. Nxe4 dxe4 19. Be2 Rxd1 20. Rxd1 Rd8
21. Rxd8+ Qxd8 22. Qd1 Qxd1+ 23. Bxd1 Bb5 24. Bc2 Bd3 25. Bb3 Kf8 26. f3 Ke7 27.
Bd5 exf3 28. gxf3 b6 29. Kf2 Bf5 30. Kg3 f6 31. h4 Kd6 32. Kf4 Be6 33. Bxe6 Kxe6
34. c4 g6 35. a3 a6 36. a4 a5 37. b3 Kd6 {Game drawn by mutual agreement}
1/2-1/2

[Event "Team 45 45 League T42"]
[Site "Internet Chess Club"]
[Date "2009.08.25"]
[Round "4"]
[White "DavidBarnsley"]
[Black "eurander"]
[Result "0-1"]
[WhiteElo "2080"]
[BlackElo "2204"]
[Opening "Caro-Kann: classical variation"]
[ECO "B18"]
[Time "15:04:38"]
[TimeControl "2700+45"]

1. e4 c6 2. d4 d5 3. Nc3 dxe4 4. Nxe4 Bf5 5. Nc5 b6 6. Nb3 e6 7. Bd3 Bxd3 8.
Qxd3 Nf6 9. Nf3 Nbd7 10. O-O Be7 11. Bf4 O-O 12. Rad1 c5 13. Ne5 Nxe5 14. Bxe5
cxd4 15. Nxd4 Rc8 16. Qg3 Qe8 17. Rd3 Qa4 18. Ra3 Qd7 19. Rd3 Qb7 20. Rfd1 Rfd8
21. Rf3 Nh5 22. Qg4 g6 23. Rdd3 Rd5 24. Qe4 Rcc5 25. g4 Qc8 26. gxh5 Rxe5 27.
Qf4 Rg5+ 28. Kf1 Qe8 29. hxg6 hxg6 30. Qe4 Rh5 31. Rh3 Bf6 32. Rxh5 Rxh5 33. c3
Bxd4 34. Rxd4 Rxh2 35. Qd3 Qc6 36. Rd8+ Kh7 37. Qd4 Qg2+ 38. Ke2 e5 39. Qe3 Rh1
40. Rd1 Qg4+ 41. f3 Qg2+ {White resigns} 0-1

[Event "Team 45 45 League T42"]
[Site "Internet Chess Club"]
[Date "2009.08.25"]
[Round "4"]
[White "Nosferatu1"]
[Black "PrincessChess"]
[Result "1/2-1/2"]
[WhiteElo "1884"]
[BlackElo "1739"]
[Opening "Queen's Indian: Petrosian system"]
[ECO "E12"]
[Time "17:01:22"]
[TimeControl "2700+45"]

1. d4 Nf6 2. c4 e6 3. Nf3 b6 4. a3 Bb7 5. Nc3 Be7 6. Bf4 O-O 7. e3 d6 8. Bd3
Nbd7 9. e4 e5 10. dxe5 dxe5 11. Nxe5 Nc5 12. f3 Bd6 13. Bc2 Re8 14. b4 Bxe5 15.
Qxd8 Bxc3+ 16. Qd2 Bxd2+ 17. Bxd2 Ne6 18. Bc3 Nd7 19. O-O-O Ndf8 20. Be5 c5 21.
Bd6 cxb4 22. axb4 Rec8 23. Bb3 Ba6 24. c5 bxc5 25. Kb2 cxb4 26. Bd5 Rab8 27.
Bxb8 Rxb8 28. Ra1 Rb6 29. Ra2 Nc5 30. Ra5 Nfd7 31. Rha1 Kf8 32. Bb3 Ke7 33. Rd1
Rb7 34. Rda1 Rb6 35. Rd1 Rb7 36. Rda1 Rb6 {Game drawn by repetition} 1/2-1/2

[Event "Team 45 45 League T42"]
[Site "Internet Chess Club"]
[Date "2009.08.21"]
[Round "4"]
[White "vollmerj"]
[Black "BRAINWAVE"]
[Result "0-1"]
[WhiteElo "1690"]
[BlackElo "1766"]
[Opening "Owen defense"]
[ECO "B00"]
[Time "15:19:22"]
[TimeControl "2700+45"]

1. e4 b6 2. d4 Bb7 3. Nc3 g6 4. Nf3 Bg7 5. Be2 d6 6. O-O Nd7 7. Be3 e6 8. Rb1
Ne7 9. d5 Bxc3 10. dxe6 fxe6 11. bxc3 Bxe4 12. Bd3 Bxf3 13. Qxf3 Ne5 14. Qe2 Nf7
15. c4 O-O 16. Qg4 Qc8 17. a4 a5 18. Be4 Rb8 19. Rb2 e5 20. Rfb1 Qxg4 {White
resigns} 0-1

[Event "Team 45 45 League T42"]
[Site "Internet Chess Club"]
[Date "2009.08.23"]
[Round "4"]
[White "AVEMARIA"]
[Black "Fuzzie"]
[Result "1-0"]
[WhiteElo "1726"]
[BlackElo "1777"]
[Opening "Pirc: classical system, 5.Be2"]
[ECO "B08"]
[Time "09:01:01"]
[TimeControl "2700+45"]

1. e4 d6 2. d4 Nf6 3. Nc3 g6 4. Nf3 Bg7 5. Be2 O-O 6. O-O c6 7. a4 a5 8. Re1
Nbd7 9. Bf4 Nh5 10. Bg5 h6 11. Be3 e5 12. dxe5 dxe5 13. Qd2 Kh7 14. Rad1 Qc7 15.
h3 Nb6 16. Qd6 Nd5 17. Rxd5 {Black resigns} 1-0

[Event "Team 45 45 League T42"]
[Site "Internet Chess Club"]
[Date "2009.08.20"]
[Round "4"]
[White "Grenadier"]
[Black "cysk"]
[Result "0-1"]
[WhiteElo "1659"]
[BlackElo "1637"]
[Opening "French: advance variation"]
[ECO "C02"]
[Time "21:12:38"]
[TimeControl "2700+45"]

1. e4 e6 2. d4 d5 3. e5 b6 4. Nf3 Ne7 5. Bg5 h6 6. Be3 Nf5 7. Bd3 Nxe3 8. fxe3
Ba6 9. c3 Bxd3 10. Qxd3 c5 11. Nbd2 Nc6 12. O-O Be7 13. Rf2 O-O 14. Raf1 Qc7 15.
g4 b5 16. h4 c4 17. Qc2 Qd8 18. g5 hxg5 19. hxg5 Bxg5 20. Nxg5 Qxg5+ 21. Rg2
Qxe3+ 22. Rff2 f5 23. Nf1 Qd3 24. Qc1 f4 25. Rd2 Qf5 26. Qe1 Kf7 27. Rdf2 g5 28.
Ng3 Qh7 29. Rh2 Qd3 30. Nh5 Rh8 31. Nf6 b4 32. Rd2 Rxh2 33. Rxh2 bxc3 34. bxc3
Rb8 35. Rh7+ Kg6 36. Qf2 Rb1+ 37. Kg2 f3+ 38. Kg3 Rf1 39. Qh2 f2+ 40. Kg2 Rg1+
41. Qxg1 fxg1=Q+ 42. Kxg1 Qxc3 43. Kg2 Qxd4 44. Kf3 Nxe5+ {White resigns} 0-1

[Event "Team 45 45 League T42"]
[Site "Internet Chess Club"]
[Date "2009.08.24"]
[Round "4"]
[White "GadsHill"]
[Black "GoIrish"]
[Result "0-1"]
[WhiteElo "1509"]
[BlackElo "1652"]
[Opening "King's Indian: Petrosian system"]
[ECO "E92"]
[Time "21:03:14"]
[TimeControl "2700+45"]

1. d4 Nf6 2. c4 g6 3. Nc3 Bg7 4. e4 d6 5. Nf3 O-O 6. Be2 e5 7. d5 Na6 8. Nd2 Ne8
9. O-O f5 10. exf5 gxf5 11. f4 e4 12. Nb3 Bd7 13. Be3 b6 14. Nd4 Rf6 15. Rb1 Rh6
16. g3 Qf6 17. Nc6 Bxc6 18. dxc6 Nb8 19. Nb5 Qf7 20. Qd5 Qxd5 21. cxd5 Na6 22.
Nxd6 Rxd6 23. Bxa6 Nf6 24. Bc4 Nxd5 25. Rfd1 Rad8 26. Rxd5 Rxd5 27. Rd1 Bxb2 28.
Rxd5 Rxd5 29. Bxd5+ Kg7 30. Kf1 Kf6 31. Ke2 Ke7 32. Kd2 Kd6 33. Kc2 Kxd5 {White
resigns} 0-1

[Event "Team 45 45 League T42"]
[Site "Internet Chess Club"]
[Date "2009.08.25"]
[Round "4"]
[White "houseofcook"]
[Black "AngryPirate"]
[Result "1/2-1/2"]
[WhiteElo "1476"]
[BlackElo "1443"]
[Opening "French: advance, Paulsen attack"]
[ECO "C02"]
[Time "14:05:29"]
[TimeControl "2700+45"]

1. e4 e6 2. d4 d5 3. e5 c5 4. c3 Nc6 5. Nf3 Qb6 6. Be2 cxd4 7. cxd4 Bb4+ 8. Nc3
Nh6 9. O-O Nf5 10. Na4 Qa5 11. a3 Be7 12. b4 Qd8 13. Bb2 Bd7 14. Nc5 b6 15. Nd3
h5 16. Nde1 a6 17. Nc2 g6 18. Ne3 Bf8 19. Nxf5 gxf5 20. h4 Ne7 21. Bc1 Bb5 22.
Bg5 Qd7 23. Qd2 Bxe2 24. Qxe2 Nc6 25. Rfc1 Be7 26. Qd2 Rc8 27. Ra2 Bxg5 28. Qxg5
Qe7 29. Rac2 Kd7 30. Qd2 Na7 31. Qd3 b5 32. Rc3 Rxc3 33. Qxc3 Rc8 34. Qd2 Rxc1+
35. Qxc1 Qf8 36. Qg5 Qh8 37. Kf1 Nc8 38. Ke2 Nb6 39. Nd2 Nc4 40. Nb3 Nxa3 41.
Nc5+ Ke8 42. Nxa6 Kd7 43. Nc5+ Ke8 44. Nb7 Kd7 45. Nc5+ Ke8 46. Nb7 {Game drawn
by mutual agreement} 1/2-1/2

[Event "Team 45 45 League T42"]
[Site "Internet Chess Club"]
[Date "2009.08.25"]
[Round "4"]
[White "dinkola"]
[Black "fileman"]
[Result "1-0"]
[WhiteElo "1658"]
[BlackElo "1830"]
[Opening "QGD: 3...Nf6"]
[ECO "D35"]
[Time "17:06:42"]
[TimeControl "2700+45"]

1. d4 d5 2. c4 e6 3. Nc3 Nf6 4. e3 Be7 5. Bd3 b6 6. Nf3 Bb7 7. cxd5 exd5 8. O-O
O-O 9. Re1 Nbd7 10. e4 dxe4 11. Nxe4 Re8 12. Nxf6+ Nxf6 13. Bg5 h6 14. Bh4 Bxf3
15. Qxf3 Qxd4 16. Rxe7 Rxe7 17. Qxa8+ Re8 18. Bxf6 Rxa8 19. Bxd4 Rd8 20. Rd1
{Black resigns} 1-0

[Event "Team 45 45 League T42"]
[Site "Internet Chess Club"]
[Date "2009.08.21"]
[Round "4"]
[White "Portola"]
[Black "Ernie1"]
[Result "0-1"]
[WhiteElo "1701"]
[BlackElo "1619"]
[Opening "Queen's pawn"]
[ECO "A40"]
[Time "22:31:06"]
[TimeControl "2700+45"]

1. d4 c6 2. Nf3 d5 3. c3 Nf6 4. Qc2 g6 5. e3 Bf5 6. Bd3 Bxd3 7. Qxd3 Bg7 8. Nbd2
O-O 9. O-O Nbd7 10. Re1 Re8 11. Ne5 Nxe5 12. dxe5 Ng4 13. f4 e6 14. Nf3 f6 15.
exf6 Qxf6 16. h3 Nh6 17. e4 Rad8 18. g4 dxe4 19. Qxe4 Nf7 20. Qe2 e5 21. fxe5
Nxe5 22. Nxe5 Rxe5 23. Qxe5 Qxe5 24. Rxe5 Rd1+ 25. Kf2 Bxe5 26. Ke2 Rh1 27. Kd2
Rxh3 28. Kc2 Rh1 29. Rb1 h5 30. gxh5 gxh5 31. Bg5 Rxb1 32. Kxb1 Bg3 33. Kc2 h4
34. Be3 h3 35. Bg1 h2 36. Bxh2 Bxh2 37. Kd3 Kf7 38. c4 Ke6 39. b4 Bg1 40. a4 b6
41. Ke4 Kd6 42. Kf5 a5 43. c5+ bxc5 44. bxa5 c4 45. Ke4 c5 46. Kf3 c3 47. Ke2
Kc6 48. Kd3 Bd4 49. Kc2 c4 50. Kb1 Kb7 51. Ka2 Ka6 52. Kb1 Kxa5 53. Kc1 Kxa4 54.
Kc2 Ka3 55. Kb1 Kb3 56. Kc1 c2 57. Kd2 Kb2 {White resigns} 0-1

[Event "Team 45 45 League T42"]
[Site "Internet Chess Club"]
[Date "2009.08.24"]
[Round "4"]
[White "slipkid"]
[Black "g8wrb"]
[Result "1-0"]
[WhiteElo "1530"]
[BlackElo "1528"]
[Opening "French: Steinitz variation"]
[ECO "C11"]
[Time "12:06:21"]
[TimeControl "2700+45"]

1. e4 e6 2. d4 d5 3. Nc3 Nf6 4. e5 Nfd7 5. Nce2 c5 6. c3 Nc6 7. Nf3 Qb6 8. g3
cxd4 9. cxd4 Be7 10. Bg2 O-O 11. O-O f6 12. exf6 Bxf6 13. a3 Rf7 14. b4 Nf8 15.
Bg5 Bd7 16. Qd3 Ng6 17. Bxf6 Rxf6 18. Nc3 Raf8 19. Na4 Qd8 20. Nc5 b6 21. Nxd7
Qxd7 22. Qb3 Kh8 23. Rac1 Nce7 24. Rc3 Nc6 25. Rfc1 Nge7 26. Qc2 b5 27. Ng5 Rf5
28. f4 Nxd4 29. Rc7 Qd6 30. Qd3 Rxg5 31. fxg5 Ndf5 32. Qxb5 Nd4 33. Qd3 e5 34.
Rxa7 Qb6 35. Ra6 Nb5+ 36. Rxb6 {Black resigns} 1-0

[Event "Team 45 45 League T42"]
[Site "Internet Chess Club"]
[Date "2009.08.25"]
[Round "4"]
[White "AtomicDog"]
[Black "MikeA"]
[Result "0-1"]
[WhiteElo "1389"]
[BlackElo "1350"]
[Opening "Sicilian: Pelikan, Chelyabinsk variation"]
[ECO "B33"]
[Time "10:00:28"]
[TimeControl "2700+45"]

1. e4 c5 2. Nf3 Nc6 3. d4 cxd4 4. Nxd4 Nf6 5. Nc3 e5 6. Ndb5 d6 7. Bg5 a6 8. Na3
b5 9. Nd5 Be7 10. Bxf6 Bxf6 11. c3 O-O 12. Bd3 Rb8 13. Rc1 Bg5 14. Rc2 Be6 15.
O-O f5 16. Re1 Ne7 17. c4 b4 18. Nb1 Nc6 19. c5 Nd4 20. c6 Ra8 21. c7 Qe8 22.
Nxb4 Nxc2 23. Qxc2 a5 24. Nc6 Bd7 25. Bc4+ Kh8 26. Bd5 Ra6 27. Nb8 Qc8 28. Qc4
Ra7 29. Nxd7 Rxc7 30. Bc6 Rxc6 {White forfeits on time} 0-1

[Event "Team 45 45 League T42"]
[Site "Internet Chess Club"]
[Date "2009.08.20"]
[Round "4"]
[White "Ser-Enigma"]
[Black "jonesey"]
[Result "0-1"]
[WhiteElo "2152"]
[BlackElo "1972"]
[Opening "King's Indian: 4.e4"]
[ECO "E70"]
[Time "12:00:21"]
[TimeControl "2700+45"]

1. d4 Nf6 2. c4 g6 3. Nc3 Bg7 4. e4 d6 5. Bd3 O-O 6. Nge2 Nc6 7. O-O e5 8. d5
Ne7 9. Ng3 c6 10. b4 h5 11. h4 cxd5 12. cxd5 Ng4 13. Qc2 Bd7 14. Bg5 f6 15. Bd2
Rc8 16. Rac1 f5 17. exf5 Nxf5 18. Bxf5 gxf5 19. Bg5 Bf6 20. Qd2 Bxg5 21. hxg5
Rc4 22. f3 Qb6+ 23. Kh1 Ne3 24. Rf2 Rfc8 25. Kg1 Qd4 26. Nxh5 Rxc3 27. Rxc3 Rxc3
28. Nf6+ Kg7 29. Qxd4 Rc1+ 30. Kh2 exd4 31. Nxd7 Rc2 32. Rxc2 Nxc2 33. Kg1 Nxb4
34. a3 Nxd5 35. Kf2 Kg6 36. Nf8+ Kf7 37. Nd7 Ke7 38. Nb8 Kd8 39. g6 Kc7 40. g7
Ne7 41. Ke2 Kxb8 42. Kd3 Kc7 43. Kxd4 Kd7 {White resigns} 0-1

[Event "Team 45 45 League T42"]
[Site "Internet Chess Club"]
[Date "2009.08.23"]
[Round "4"]
[White "fledermaus"]
[Black "Chessrascal"]
[Result "1-0"]
[WhiteElo "2020"]
[BlackElo "2132"]
[Opening "King's Indian: orthodox, Aronin-Taimanov, bayonet attack"]
[ECO "E97"]
[Time "14:03:35"]
[TimeControl "2700+45"]

1. d4 Nf6 2. c4 g6 3. Nc3 Bg7 4. e4 d6 5. Nf3 O-O 6. Be2 e5 7. O-O Nc6 8. d5 Ne7
9. b4 Nd7 10. c5 dxc5 11. bxc5 Nxc5 12. Ba3 Nd7 13. Rc1 a6 14. d6 cxd6 15. Bxd6
Nb6 16. Bc5 Nd7 17. Bb4 Bf6 18. Nd5 Nxd5 19. Bxf8 Nf4 20. Bb4 b5 21. Bd3 Bb7 22.
Bb1 Rc8 23. Rxc8 Qxc8 24. Qd6 Bg7 25. Rd1 Nf8 26. Bd2 Ne2+ 27. Kf1 Nd4 28. Nxd4
exd4 29. Bd3 Qg4 30. f3 Qh5 31. Bf4 Bc8 32. Rc1 Be6 33. a3 g5 34. Be5 g4 35.
Bxg7 Kxg7 36. Rc5 Qh4 37. Qe5+ f6 38. Rc7+ Kg8 39. Qg3 Qg5 40. f4 Qh5 41. f5 Bc4
42. Bxc4+ bxc4 43. Rxc4 Qg5 44. Qd3 Qh4 45. Qg3 Qg5 46. Rxd4 Qc1+ 47. Qe1 Qxa3
48. e5 fxe5 49. Rxg4+ Kf7 50. Qxe5 Qd3+ 51. Kf2 Qc2+ 52. Kg3 Qd3+ 53. Kh4 Qd8+
54. Kh3 {Black resigns} 1-0

[Event "Team 45 45 League T42"]
[Site "Internet Chess Club"]
[Date "2009.08.24"]
[Round "4"]
[White "mcplayerus"]
[Black "ddlj81"]
[Result "1-0"]
[WhiteElo "1999"]
[BlackElo "1825"]
[Opening "QGD Slav: 3.Nf3"]
[ECO "D11"]
[Time "21:00:06"]
[TimeControl "2700+45"]

1. d4 d5 2. c4 c6 3. Nf3 Nf6 4. g3 Bg4 5. cxd5 cxd5 6. Bg2 e6 7. O-O Nc6 8. Qa4
Bd6 9. Ne5 Bxe5 10. dxe5 Nd7 11. Qxg4 {Black resigns} 1-0

[Event "Team 45 45 League T42"]
[Site "Internet Chess Club"]
[Date "2009.08.24"]
[Round "4"]
[White "parrot9"]
[Black "Camdemonium"]
[Result "0-1"]
[WhiteElo "1779"]
[BlackElo "1950"]
[Opening "Sicilian: Hungarian variation"]
[ECO "B34"]
[Time "16:00:40"]
[TimeControl "2700+45"]

1. e4 c5 2. Nf3 g6 3. d4 cxd4 4. Nxd4 Nc6 5. Be3 Nf6 6. Nxc6 bxc6 7. Nc3 Bg7 8.
Bc4 O-O 9. O-O Nxe4 10. Bxf7+ Rxf7 11. Nxe4 Bxb2 12. Rb1 Bg7 13. Qd3 Qa5 14. Qb3
d5 15. Bd2 Qc7 16. Ng5 Rf8 17. Rfe1 h6 18. Ne6 Bxe6 19. Rxe6 Rab8 20. Rxe7 Rxb3
{White resigns} 0-1

[Event "Team 45 45 League T42"]
[Site "Internet Chess Club"]
[Date "2009.08.23"]
[Round "4"]
[White "Yotehagomate"]
[Black "NFork"]
[Result "0-1"]
[WhiteElo "2171"]
[BlackElo "2254"]
[Opening "English: ultra-symmetrical variation"]
[ECO "A36"]
[Time "08:09:01"]
[TimeControl "2700+45"]

1. c4 c5 2. Nc3 Nc6 3. g3 g6 4. Bg2 Bg7 5. d3 e6 6. e4 Nge7 7. Nge2 O-O 8. O-O
a6 9. Rb1 Rb8 10. Bf4 d6 11. a3 b5 12. cxb5 axb5 13. b4 cxb4 14. axb4 e5 15. Be3
Be6 16. Nd5 Qd7 17. Nb6 Qd8 18. Nd5 Qd7 19. Qd2 Bh3 20. Nxe7+ Nxe7 21. Bh6 Bxg2
22. Kxg2 d5 23. Bxg7 Kxg7 24. Qb2 d4 25. Rbc1 Qe6 26. Rc5 Ra8 27. Ng1 Ra2 28.
Qb1 Rfa8 29. Nf3 f6 30. Rxb5 Re2 31. Rb7 Kf7 32. b5 Raa2 33. Qc1 g5 34. b6 Rec2
35. Nxg5+ fxg5 36. Qxg5 Qf6 37. Qh5+ Kg7 38. Qg4+ Kf7 39. Qh5+ Kg7 40. Qf5 Qxf5
41. exf5 Kf6 42. g4 Nd5 43. Kg3 h5 44. gxh5 Rd2 45. Kg4 Ra8 46. Rd7 Rg8+ 47. Kf3
Nc3 48. Rd6+ Kxf5 49. Rg6 Rxd3+ 50. Kg2 Rb8 51. Ra1 Nd5 52. Rd6 Nf4+ 53. Kf1 Rh3
54. Ra7 Rxh2 55. f3 Rb2 56. Rf7+ Kg5 57. Re7 Nd3 58. h6 R8xb6 59. Rxb6 Rxb6 60.
Ke2 Nf4+ 61. Kd2 Kf6 62. Re8 Rb2+ 63. Kd1 Rh2 64. Rf8+ Ke7 65. Rh8 Ng6 66. Rg8
Rxh6 67. Ra8 Kf6 68. Ke1 Rh2 69. Kf1 Kf5 70. Rg8 d3 71. Kg1 Ra2 72. Rd8 Nf4 73.
Kf1 d2 74. Rf8+ Ke6 {White resigns} 0-1

[Event "Team 45 45 League T42"]
[Site "Internet Chess Club"]
[Date "2009.08.22"]
[Round "4"]
[White "makito"]
[Black "az2112"]
[Result "0-1"]
[WhiteElo "1868"]
[BlackElo "1730"]
[Opening "English: four knights, Capablanca variation"]
[ECO "A22"]
[Time "11:02:36"]
[TimeControl "2700+45"]

1. c4 Nf6 2. Nc3 e5 3. d3 Nc6 4. Nf3 Bb4 5. Qc2 O-O 6. g3 Re8 7. Bg2 e4 8. dxe4
Nxe4 9. O-O Nxc3 10. bxc3 Bc5 11. a4 d6 12. Qd3 Ne5 13. Nxe5 dxe5 14. Ba3 Bxa3
15. Rxa3 Qe7 16. Rb3 e4 17. Qb1 b6 18. Rd1 c5 19. Qa2 Ba6 20. Rb2 Qe6 21. Rd5
Qf6 22. Qb3 Rad8 23. e3 Bb7 24. Rdd2 Ba8 25. Qd1 Rxd2 26. Rxd2 Qxc3 27. Rd8 Qe5
28. Qd7 Bc6 29. Rxe8+ Qxe8 30. Qxa7 Bxa4 31. Qxb6 Bc2 32. Qxc5 Qa8 33. h4 g6 34.
Qd4 Bd3 35. Bf1 Qa3 36. c5 Qc1 37. Qd8+ Kg7 38. Qd4+ Kh6 39. Qf6 Qxf1+ 40. Kh2
Bc4 41. c6 Be6 42. Qg5+ Kg7 43. Qe5+ Kf8 44. Qd6+ Ke8 45. Qb8+ Ke7 46. Qb4+ Kf6
47. Qd4+ Kf5 48. g4+ Kxg4 49. Qxe4+ Kh5 50. Qf3+ Bg4 51. Qg3 f6 52. c7 Qc4 53.
Qd6 Qe6 54. Qxe6 Bxe6 55. Kg3 g5 56. hxg5 fxg5 57. f4 Kg6 58. e4 gxf4+ 59. Kxf4
h5 60. Kg3 Kg5 61. e5 h4+ 62. Kh2 Kf4 63. Kg2 Kxe5 64. Kf3 Kd6 65. Kf4 Kxc7 66.
Kf3 Kd6 67. Kf4 Kd5 68. Kf3 Kd4 69. Kf4 Kd3 70. Kf3 Bd7 71. Kf2 Bc6 72. Kg1 Ke3
73. Kh2 Bd7 74. Kg2 Kf4 75. Kh2 Kf3 76. Kh1 Kg3 77. Kg1 Bc6 {White resigns} 0-1

[Event "Team 45 45 League T42"]
[Site "Internet Chess Club"]
[Date "2009.08.24"]
[Round "4"]
[White "mongmong"]
[Black "john-beebs"]
[Result "0-1"]
[WhiteElo "1542"]
[BlackElo "1517"]
[Opening "Queen's pawn game, Chigorin variation"]
[ECO "D02"]
[Time "16:34:38"]
[TimeControl "2700+45"]

1. d4 d5 2. Nf3 Nc6 3. e3 Nf6 4. c3 Bg4 5. Nbd2 e5 6. dxe5 Nxe5 7. Be2 Bd6 8. h3
Bf5 9. Nd4 Nd3+ 10. Bxd3 Bxd3 11. N2f3 Be4 12. O-O O-O 13. Nd2 Bg6 14. N2f3 Re8
15. b3 c6 16. Bb2 Qc7 17. Nh4 Be4 18. f3 Bg3 19. Nhf5 Bxf5 20. Nxf5 Bh2+ 21. Kh1
Bd6 22. Qd3 Nh5 23. c4 Be5 24. Bxe5 Rxe5 25. g4 Rxf5 26. gxf5 Ng3+ 27. Kg2 Nxf1
28. Rxf1 Rd8 29. Rd1 h6 30. cxd5 Rxd5 31. Qe2 Rxf5 32. Kh1 Qg3 33. Qg2 Rxf3 34.
Qxg3 Rxg3 35. Rd7 Rxh3+ 36. Kg1 Rxe3 37. Rxb7 a5 38. Ra7 Re5 39. Ra6 Rc5 40. a3
Rc3 41. Rxa5 Rxb3 42. Ra8+ Kh7 43. a4 c5 44. Kf2 c4 45. Ke2 h5 46. a5 h4 47. a6
h3 48. a7 Ra3 49. Rc8 h2 50. Rxc4 h1=Q {White resigns} 0-1